 Dungeon Crawl Stone Soup version 0.29-a0-284-gf9362112df (webtiles) character file.

Game seed: 15441901264688165091

1279 sammy202020 the Skirmisher (level 8, -2/71 HPs)
             Began as a Palentonga Berserker on Mar 27, 2022.
             Was an Elder of Trog.
             Engulfed by a steam dragon's steam (9 damage)
             ... on level 5 of the Dungeon.
             The game lasted 00:08:28 (6309 turns).

sammy202020 the Skirmisher (Palentonga Berserker)   Turns: 6309, Time: 00:08:29

Health: -2/71      AC: 14    Str: 21    XL:     8   Next: 29%
Magic:  8/8        EV:  4    Int: 10    God:    Trog [****..]
Gold:   278        SH:  0    Dex:  9    Spells: 7/7 levels left

rFire   . . .      SeeInvis +   a - +1 hand axe (venom)
rCold   . . .      Faith    .   (no shield)
rNeg    . . .      Spirit   .   o - +0 chain mail
rPois   .          Reflect  .   m - +0 helmet
rElec   .          Harm     .   (no cloak)
rCorr   .          Rampage  .   (no gloves)
Will    ++...                   j - +0 barding
Stlth   ..........              (no amulet)
HPRegen 1.21/turn               (no ring)
MPRegen 0.11/turn               (no ring)

@: lethally poisoned (-2 -> -2), strong-willed, regenerating
A: large, rugged brown scales 3, see invisible, deformed body, roll 1, armoured
tail, reflexive curl
a: Rolling Charge, Renounce Religion, Berserk, Trog's Hand, Brothers in Arms


You were on level 5 of the Dungeon.
You worshipped Trog.
Trog was greatly pleased with you.
You visited 1 branch of the dungeon, and saw 5 of its levels.

You collected 278 gold pieces.

Inventory:

Hand Weapons
 a - a +1 hand axe of venom (weapon)
 e - a +0 flail
Armour
 j - a +0 barding (worn)
 m - a +0 helmet (worn)
 o - a +0 chain mail (worn)
Jewellery
 r - a ring of magical power
Wands
 g - a wand of polymorph (3)
 h - a wand of flame (12)
Scrolls
 b - a scroll of brand weapon
 i - a scroll of blinking
 k - a scroll of teleportation
 s - a scroll of fog
Potions
 c - a potion of invisibility
 d - a potion of heal wounds
 f - a potion of ambrosia
 l - a potion of curing
 n - 4 potions of lignification
 p - a potion of haste
 q - 2 potions of flight
 t - a potion of attraction {unknown}


   Skills:
 * Level 7.0 Fighting
 * Level 6.8 Axes
 + Level 4.0 Armour
 - Level 2.0 Dodging


You had 7 spell levels left.
You didn't know any spells.
Your spell library was empty.

Dungeon Overview and Level Annotations

Branches:
Dungeon (5/15)             Temple (0/1) D:5

Altars:
Elyvilon
Nemelex Xobeh
Okawaru
Ru

Annotations:
D:5 1 transporter


Innate Abilities, Weirdness & Mutations

You are completely covered in rugged brown scales. (AC +3, +7% HP)
You have supernaturally acute eyesight. (SInv)
Armour fits poorly on your strangely shaped body.
You can roll at nearby foes to attack.
You have a long armoured tail.
You curl defensively after being hit. (AC +7*)


Message History

The scorpion is almost dead.
You closely miss the water moccasin.
You feel sick.
You kill the scorpion!
Trog accepts your kill.
The water moccasin bites you but does no damage. x2
Your Fighting skill increases to level 7!
You hit the water moccasin.
The water moccasin looks even sicker.
The water moccasin is heavily wounded.
You feel sick.
A steam dragon comes into view.
The water moccasin bites you.
You miss the water moccasin.
The water moccasin is heavily wounded.
You feel sick.
The steam dragon hisses angrily.
The water moccasin bites you but does no damage.
You hit the water moccasin.
The water moccasin looks as sick as possible!
Your tail-slap misses the water moccasin.
The water moccasin is heavily wounded.
You feel sick.
The water moccasin bites you but does no damage.
The steam dragon breathes steam at you. The ball of steam hits you!!
* * * LOW HITPOINT WARNING * * *
The water moccasin bites you but does no damage.
You hear a shout!
You closely miss the water moccasin.
The water moccasin is severely wounded.
You are engulfed in a cloud of scalding steam.
* * * LOW HITPOINT WARNING * * *
You feel sick. The steam dragon breathes steam at you.
The ball of steam hits you!
* * * LOW HITPOINT WARNING * * *
The water moccasin bites you but does no damage.
Your skin crawls.
You feel strong-willed.
You are engulfed in a cloud of scalding steam.
You die...

#.# .#.###...
.#. ...# .#
........ ...
#..# #.#
#D..... ....
#. #.#
.....#.....
#.##§§..#.....
# #.#§§§.....
##.##.§§§S.#
.....§..@†#
####...§## #.
######..##
........
#......##
#.......
#.######
##....... #.#
#........ #.#
#....... #.#
#....... #.#
#.......


You could see a water moccasin (extremely poisoned).

Vanquished Creatures
  A sky beast (D:5)
  4 ogres (D:5)
  A centaur (D:4)
  A necrophage (D:5)
  3 scorpions
  2 hounds
  A jelly (D:5)
  A gnoll shaman (D:4)
  Jessica (D:2)
  Natasha (thrice) (D:2)
  An orc wizard (D:4)
  Robin (D:2)
  4 gnolls (D:4)
  6 adders
  An ufetubus (D:5)
  2 worms (D:3)
  3 dart slugs
  10 orcs
  12 endoplasms
  8 giant cockroaches
  25 goblins
  10 hobgoblins
  17 jackals
  11 kobolds
  3 quokkas (D:1)
  10 ball pythons
  5 bats
  2 frilled lizards
  5 rats
154 creatures vanquished.

Vanquished Creatures (others)
  2 fungi (D:3)
  A plant (D:3)
3 creatures vanquished.

Grand Total: 157 creatures vanquished

Notes
Turn   | Place    | Note
-------+----------+-------------------------------------------
     0 | D:1      | sammy202020 the Palentonga Berserker began the quest for
                  | the Orb.
     0 | D:1      | Reached XP level 1. HP: 19/19 MP: 1/1
    98 | D:1      | Reached XP level 2. HP: 25/25 MP: 2/2
   658 | D:1      | Reached ** piety under Trog
   942 | D:1      | Reached XP level 3. HP: 25/31 MP: 3/3
  1575 | D:2      | Noticed Jessica
  1581 | D:2      | Killed Jessica
  1582 | D:2      | Reached XP level 4. HP: 5/39 MP: 4/4
  1949 | D:2      | Noticed Natasha
  1965 | D:2      | Killed Natasha
  1966 | D:2      | Reached skill level 4 in Fighting
  2034 | D:2      | Reached XP level 5. HP: 35/44 MP: 5/5
  2093 | D:2      | Noticed Natasha
  2099 | D:2      | Killed Natasha
  2138 | D:2      | Noticed Natasha
  2149 | D:2      | Killed Natasha
  2698 | D:2      | Noticed Robin
  2703 | D:2      | Reached *** piety under Trog
  2712 | D:2      | Killed Robin
  3099 | D:3      | Reached XP level 6. HP: 53/53 MP: 6/6
  3126 | D:3      | Found a faded altar of an unknown god.
  3960 | D:4      | Reached **** piety under Trog
  3961 | D:4      | Reached skill level 5 in Fighting
  4051 | D:4      | Reached skill level 5 in Axes
  4401 | D:4      | Gained mutation: You curl defensively after being hit. (AC
                  | +7*) [Palentonga growth]
  4401 | D:4      | Reached XP level 7. HP: 24/57 MP: 7/7
  4671 | D:4      | Found a sparkling altar of Nemelex Xobeh.
  4896 | D:5      | Entered Level 5 of the Dungeon
  4912 | D:5      | HP: 4/90 [acid (4)]
  4914 | D:5      | Reached skill level 6 in Fighting
  5382 | D:5      | Found a staircase to the Ecumenical Temple.
  5412 | D:5      | Found a transporter.
  5452 | D:5      | Reached XP level 8. HP: 22/69 MP: 8/8
  5935 | D:5      | Found a sacrificial altar of Ru.
  5946 | D:5      | Found a white marble altar of Elyvilon.
  5946 | D:5      | Found an iron altar of Okawaru.
  6305 | D:5      | Reached skill level 7 in Fighting
  6309 | D:5      | Engulfed by a steam dragon's steam

Illustrated notes

Levels and vault maps discovered:
D:1:      dpeg_arrival_arbitrary_c, layout_basic
D:2:      layout_rooms, uniq_natasha, uniq_robin, uniq_jessica
D:3:      layout_basic, shapermc_ecumenical_altar_mp_urbaneastern,
          wad_floor_pattern_1, minmay_joined_circles
D:4:      layout_rooms, nemelex_dance_club_becter, minivault_26,
          small_statue_intersection
D:5:      layout_cave_pools, kennysheep_mini_moat,
          gammafunk_temple_overflow_arena,
          chequers_temple_overflow_statue_of_worship, minmay_temple_entry_grid,
          nrook_loot_triangle, minmay_misc_feat_nine_boxes, minivault_23,
          chequers_serial_rivers_small_3, hangedman_minor_gate_pass

Skill      XL: |  1  2  3  4  5  6  7  8 |
---------------+-------------------------+-----
Armour         | 2 3 4 |  4.0
Dodging        | 2 |  2.0
Fighting       | 4 5 6 7 |  7.0
Axes           | 4 5 6 |  6.8

Action                   |  1- 3 |  4- 6 |  7- 9 || total
-------------------------+-------+-------+-------++-------
Melee: Hand axe          |   104 |   207 |    87 ||   398
       Tailslap          |    10 |    23 |    11 ||    44
       Punch             |     1 |     3 |     2 ||     6
Invok: Berserk           |     1 |     1 |     1 ||     3
       Trog's Hand       |       |     1 |     1 ||     2
 Abil: Rolling Charge    |     6 |     1 |     1 ||     8
  Use: Scroll            |       |    17 |       ||    17
 Stab: Sleeping          |     1 |       |       ||     1
Armor: Animal skin       |     9 |       |       ||     9
       Ring mail         |    31 |   150 |       ||   181
       Skin              |       |    22 |       ||    22
       Chain mail        |       |     4 |    66 ||    70
Dodge: Dodged            |    57 |    96 |    16 ||   169

Table legend: (Time is in decaauts)
 A = Elapsed time spent in this place.
 B = Non-inter-level travel time spent in this place.
 C = Inter-level travel time spent in this place.
 D = Time resting spent in this place.
 E = Time spent auto-exploring this place.
 F = Levels seen in this place.
 G = Mean time per level.
                   A        B        C        D        E       F      G
               +--------+--------+--------+--------+--------+-----+--------+
         Total |   6374 |   6211 |    163 |    788 |   4433 |   5 | 1274.8 |
       Dungeon |   6374 |   6211 |    163 |    788 |   4433 |   5 | 1274.8 |
               +--------+--------+--------+--------+--------+-----+--------+

Top non-repeatable levels by time:
     D:1: 1545 daAuts
     D:5: 1427 daAuts
     D:2: 1357 daAuts
     D:3: 1085 daAuts
     D:4: 957 daAuts
